 Dungeon Crawl Stone Soup version 0.29.1-2-gbd0b4ee654 (webtiles) character file.

Game seed: 12135970426651515728

2 Ivernyr the Trooper (level 1, -1/11 HPs)
             Began as a Vine Stalker Fighter on Oct 29, 2022.
             Frozen to death by an endoplasm (2 damage)
             ... on level 1 of the Dungeon.
             The game lasted 00:00:29 (86 turns).

Ivernyr the Trooper (Vine Stalker Fighter)            Turns: 86, Time: 00:00:29

Health: -1/11      AC:  6    Str: 18    XL:     1   Next: 40%
Magic:  0/2        EV:  9    Int:  8    God:
Gold:   8          SH:  4    Dex: 13    Spells: 0/0 levels left

rFire   + . .      SeeInvis .   a - +0 long sword
rCold   . . .      Faith    .   c - +0 buckler
rNeg    . . .      Spirit   +   b - +0 scale mail
rPois   .          Reflect  .   (no helmet)
rElec   .          Harm     .   (no cloak)
rCorr   .          Rampage  .   (no gloves)
Will    .....                   (no boots)
Stlth   ..........              (no amulet)
HPRegen 0.03/turn               e - ring of protection from fire
MPRegen 0.08/turn               (no ring)

@: no status effects
A: fangs 2, magic shield, antimagic bite, no potion heal 2
a: no special abilities


You were on level 1 of the Dungeon.
You visited 1 branch of the dungeon, and saw 1 of its levels.

You collected 8 gold pieces.

Inventory:

Hand Weapons
 a - a +0 long sword (weapon)
Armour
 b - a +0 scale mail (worn)
 c - a +0 buckler (worn)
Jewellery
 e - a ring of protection from fire (left hand)
Scrolls
 f - a scroll of enchant armour {unknown}
 g - a scroll of vulnerability {unknown}
Potions
 d - a potion of might


   Skills:
 + Level 2.7 Fighting
 + Level 1.8 Long Blades
 + Level 2.4 Armour
 + Level 0.1 Dodging
 + Level 2.7 Shields


You couldn't memorise any spells.
You didn't know any spells.
Your spell library was empty.

Dungeon Overview and Level Annotations

Branches:
Dungeon (1/15)

Altars:


Innate Abilities, Weirdness & Mutations

You have extremely sharp teeth.
When hurt, damage is shared between your health and your magic reserves.
Your bite disrupts and absorbs the magic of your enemies.
Potions cannot restore your health.


Message History

The endoplasm hits you but does no damage.
The goblin attacks as you move away! The goblin hits you with a +0 club.
The bat attacks as you move away! The bat barely misses you. x2
The bat hits you but does no damage. The endoplasm attacks as you move away!
You block the endoplasm's attack. The bat closely misses you. The bat hits you.
The endoplasm attacks as you move away! The endoplasm hits you.
* * * LOW HITPOINT WARNING * * *
The bat attacks as you move away! The bat hits you but does no damage.
The bat barely misses you. The bat hits you but does no damage.
You block the bat's attack. The bat closely misses you.
The bat attacks as you move away! The bat hits you.
* * * LOW HITPOINT WARNING * * *
The bat hits you but does no damage. The bat barely misses you.
The bat attacks as you move away! The bat hits you but does no damage. x2
The bat hits you but does no damage.
You closely miss the bat. Your bite misses the bat.
The bat hits you but does no damage. x2; The bat barely misses you.
You closely miss the bat. Your bite misses the bat. The bat closely misses you.
The bat hits you but does no damage. The bat hits you.
You miss the bat. You block the bat's attack.
The bat hits you but does no damage. x2
You closely miss the bat. Your bite misses the bat. The bat hits you.
* * * LOW HITPOINT WARNING * * *
The bat hits you but does no damage. x2
You hit the bat.
The bat is heavily wounded.
The bat hits you but does no damage. You block the bat's attack.
You hit the bat.
The bat is severely wounded.
The bat hits you but does no damage. x2
You hit the bat.
You kill the bat!
You hit the endoplasm.
The endoplasm is heavily wounded.
The endoplasm freezes you.
You are frozen.
You die...

...........8..8...♣
#...........
.....<............♣
#.......##..
...........8..8...♣ #.......#
# .............÷...♣ #.......#
.............÷...♣ #.......#
...........8..8..♣ #.....(.#
.................♣ ###.......#
#####.##############.........#
#...........@JSg.#####+###
##################


You could see an endoplasm, a goblin and a ball python.

Vanquished Creatures
  A bat (D:1)
  An endoplasm (D:1)
2 creatures vanquished.

Notes
Turn   | Place    | Note
-------+----------+-------------------------------------------
     0 | D:1      | Ivernyr the Vine Stalker Fighter began the quest for the
                  | Orb.
     0 | D:1      | Reached XP level 1. HP: 11/11 MP: 2/2
    86 | D:1      | Frozen to death by an endoplasm

Illustrated notes

Levels and vault maps discovered:
D:1:      giann_forest_graveyard, layout_basic,
          hellmonk_ecumenical_altar_heavens_door

Action                   || total
-------------------------++-------
Melee: Long sword        ||    12
       Bite              ||     2
Armor: Scale mail        ||    20
Dodge: Dodged            ||    12
Block: Buckler           ||     5
